 Dungeon Crawl Stone Soup version 0.31-a0-7-g51783674b7 (webtiles) character file.

Game seed: 4577328801441351553

140450 jimonade the Fencer (level 17, -11/125 (140) HPs)
             Began as a Formicid Monk on May 5, 2023.
             Was a High Priest of Wu Jian.
             Mangled by a caustic shrike simulacrum (15 damage)
             ... on level 2 of the Abyss on May 6, 2023.
             The game lasted 02:17:57 (27853 turns).

jimonade the Fencer (Formicid Monk)                Turns: 27853, Time: 02:17:58

HP:   -11/125 (140) AC: 33    Str: 20    XL:     17   Next: 91%
MP:   17/17         EV: 11    Int: 17    God:    Wu Jian [*****.]
Gold: 1405          SH: 19    Dex: 28    Spells: 16/16 levels left

rFire   + + .        a - +7 falchion of Currency {elec, Will+ Str+2 Dex+6 Stlth-}
rCold   + . .        J - +2 kite shield "Tiset Kui" {rElec Will+ Str-5 SInv}
rNeg    + . .        q - +15 Maxwell's patent armour {-Cast -Tele rElec Will+ rCorr}
rPois   +            (helmet unavailable)
rElec   +            P - scarf {rC+ rF+}
rCorr   +            p - +0 pair of gloves
SInv    +            (no boots)
Will    ++++.        j - amulet of Ymuismong {+Blink rF+ Regen+ Int+3}
Stlth   x              - ring of the Witching Gods {rPois rCorr Str+3}
HPRegen 1.20/turn    w - ring of Loufixtu {Fly rN+ Str+3 Int+3}
MPRegen 0.15/turn

%: no spellcasting
@: lethally poisoned (-11 -> -24), exhausted, flying, wreathed by umbra, heavily
drained
A: permanent stasis, dig shafts and tunnels, antennae 3, four strong arms
a: Dig, Shaft Self, Renounce Religion, Wall Jump, Serpent's Lash, Heavenly Storm


You were on level 2 of the Abyss.
You worshipped Wu Jian.
Wu Jian was extremely pleased with you.
You visited 4 branches of the dungeon, and saw 23 of its levels.
You visited the Abyss 1 time.
You also visited: Bailey and Ice Cave.

You collected 4685 gold pieces.
You spent 3280 gold pieces at shops.

Inventory:

Hand Weapons
 a - the +7 falchion of Currency (weapon) {elec, Will+ Str+2 Dex+6 Stlth-}
   (You found it on level 2 of the Dungeon)

   Str:       It affects your strength (+2).
   Dex:       It affects your dexterity (+6).
   Will:      It increases your willpower.
   Stlth:     It makes you less stealthy.
 b - the +11 triple crossbow of Doom {drain, rElec rPois}
   (You found it in a bailey)

   rElec:     It insulates you from electricity.
   rPois:     It protects you from poison.
 f - a +2 scimitar of flaming
 i - a +1 great sword
Missiles
 h - 28 curare-tipped darts (quivered)
 G - 3 throwing nets
Armour
 p - a +0 pair of gloves (worn)
 q - the +15 Maxwell's patent armour (worn) {-Cast -Tele rElec Will+ rCorr}
   (You bought it in a shop on level 3 of the Elven Halls)

   rElec:     It insulates you from electricity.
   -Cast:     It prevents spellcasting.
   -Tele:     It prevents most forms of teleportation.
   rCorr:     It protects you from acid and corrosion.
   Will:      It increases your willpower.
 J - the +2 kite shield "Tiset Kui" (worn) {rElec Will+ Str-5 SInv}
   (You acquired it on level 9 of the Dungeon)

   Str:       It affects your strength (-5).
   rElec:     It insulates you from electricity.
   SInv:      It lets you see invisible.
   Will:      It increases your willpower.
 P - a scarf of resistance (worn)
Jewellery
 g - a ring of positive energy
 j - the amulet of Ymuismong (around neck) {+Blink rF+ Regen+ Int+3}
   (You bought it in a shop on level 6 of the Dungeon)

   [amulet of regeneration]

   Int:       It affects your intelligence (+3).
   rF:        It protects you from fire.
   +Blink:    It lets you blink.
   Regen:     It increases your rate of health regeneration.
 o - a ring of protection from cold
 s - a ring of protection from fire
 w - the ring of Loufixtu (right hand) {Fly rN+ Str+3 Int+3}
   (You bought it in a shop on level 6 of the Dungeon)

   [ring of positive energy]

   Str:       It affects your strength (+3).
   Int:       It affects your intelligence (+3).
   rN:        It protects you from negative energy.
   Fly:       It grants you flight.
 x - the ring of the Witching Gods (left hand) {rPois rCorr Str+3}
   (You bought it in a shop on level 6 of the Dungeon)

   [ring of resist corrosion]

   Str:       It affects your strength (+3).
   rPois:     It protects you from poison.
   rCorr:     It protects you from acid and corrosion.
 C - a ring of wizardry
 L - a +6 ring of dexterity
Wands
 z - a wand of polymorph (14)
 A - a wand of flame (74)
 N - a wand of roots (8)
 O - a wand of mindburst (12)
 Q - a wand of charming (20)
 Z - a wand of quicksilver (6)
Scrolls
 k - 2 scrolls of fog {unknown}
 l - a scroll of summoning {unknown}
 u - 4 scrolls of poison
 v - 3 scrolls of magic mapping
 y - 6 scrolls of immolation
 F - 4 scrolls of enchant armour
 H - 5 scrolls of brand weapon
 I - 5 scrolls of vulnerability
 S - 3 scrolls of enchant weapon {unknown}
 W - 3 scrolls of silence {unknown}
 Y - 2 scrolls of fear {unknown}
Potions
 c - 12 potions of ambrosia
 d - 2 potions of cancellation
 e - 4 potions of lignification
 m - 4 potions of attraction
 n - 5 potions of curing
 t - a potion of resistance
 B - 5 potions of flight
 D - 2 potions of mutation
 E - 4 potions of magic
 U - 5 potions of brilliance
 V - 3 potions of invisibility
Miscellaneous
 R - a phantom mirror


   Skills:
 + Level 14.9 Fighting
 + Level 17.6 Long Blades
 - Level 2.3(5.1) Axes
 * Level 7.1(7.3) Maces & Flails
 + Level 9.0 Ranged Weapons
 + Level 2.9 Throwing
 + Level 14.2 Armour
 + Level 7.3 Dodging
 - Level 16.0 Shields
 * Level 8.2 Evocations


You had 16 spell levels left.
You didn't know any spells.
Your spell library contained the following spells:

 Spells                   Type           Power      Damage    Failure   Level
 Slow                     Hex            0%         N/A       99%         1
 Cigotuvi's Dreadful Rot  Necr/Pois/Air  0%         N/A       100%        2
 Ensorcelled Hibernation  Hex/Ice        0%         N/A       100%        2
 Lesser Beckoning         Tloc           0%         N/A       100%        2
 Momentum Strike          Conj/Tloc      0%         3d8       100%        2
 Sublimation of Blood     Necr           0%         N/A       100%        2
 Confusing Touch          Hex            0%         N/A       100%        3
 Spider Form              Tmut/Pois      0%         N/A       100%        3
 Tukima's Dance           Hex            0%         N/A       100%        3
 Vampiric Draining        Necr           0%         2d6       100%        3
 Anguish                  Hex/Necr       0%         N/A       100%        4
 Dispel Undead            Necr           0%         3d6       100%        4
 Leda's Liquefaction      Hex/Erth       0%         N/A       100%        4
 Passage of Golubria      Tloc           0%         N/A       100%        4
 Petrify                  Tmut/Erth      0%         N/A       100%        4
 Irradiate                Conj/Tmut      0%         3d11      100%        5
 Lee's Rapid Deconstruct  Erth           0%         3d4*      100%        5
 Summon Forest            Summ/Tloc      0%         N/A       100%        5
 Summon Mana Viper        Hex/Summ       0%         N/A       100%        5
 Yara's Violent Unravell  Hex/Tmut       0%         3d3       100%        5
 Death Channel            Necr           0%         N/A       100%        6
 Eringya's Noxious Bog    Tmut/Pois      0%         N/A       100%        6
 Statue Form              Tmut/Erth      0%         N/A       100%        6
 Summon Cactus Giant      Summ           0%         N/A       100%        6
 Summon Hydra             Summ           0%         N/A       100%        7
 Blink                    Tloc           Unusable   N/A       N/A         2

Dungeon Overview and Level Annotations

Branches:
Dungeon (13/15)            Temple (0/1) D:7            Lair (5/5) D:11
  Swamp (0/4) Lair:2       Spider (0/4) Lair:3        Slime (0/5) Lair:4
    Orc (2/2) D:11            Elf (3/3) Orc:2        Vaults (0/5) D:13
 Bailey (visited)           IceCv (visited)

Altars:
Elyvilon
Fedhas
Gozag
Kikubaaqudgha
Makhleb
Nemelex Xobeh
Okawaru
Ru
Sif Muna
Trog
Uskayaw
Wu Jian
Zin
Jiyva

Shops:
D:6 =   D:7 *   D:13 (   Orc:2 [*:[=   Elf:3 [*=!

Annotations:
D:6 exclusion: oklob plant
D:8 2 transporters, jasper's ghost, novice HuGl
D:12 Nessos
Elf:2 3 runed translucent doors


Innate Abilities, Weirdness & Mutations

You cannot be hasted, slowed, berserked, paralysed or teleported.
You can dig through walls and to a lower floor.
You have a pair of large antennae on your head. (SInv)
Your four strong arms can wield two-handed weapons with a shield.


Message History

You hit the profane servitor.
The profane servitor is moderately damaged.
You feel sick.
The golden eye blinks!
A golden eye comes into view.
The profane servitor hits you but does no damage.
You block the profane servitor's attack.
The golden eye blinks at you. You resist with almost no effort.
You block the caustic shrike simulacrum's attack.
You spin and attack the golden eye repeatedly.
The golden eye turns its gaze towards you.
You slash the golden eye!
You kill the golden eye!
The Council accepts your kill.
You spin and attack the profane servitor.
You slash the profane servitor!
The profane servitor is moderately damaged.
You spin and attack the caustic shrike simulacrum.
You slash the caustic shrike simulacrum!
The caustic shrike simulacrum is moderately damaged.
You feel sick.
The profane servitor hits you but does no damage.
You are more poisoned.
You block the profane servitor's attack.
The golden eye blinks at you. You resist with almost no effort.
The caustic shrike simulacrum barely misses you.
A chorus of shrieks assaults your mind.
* * * LOW HITPOINT WARNING * * *
The profane servitor hits you with a +2 whip of venom.
* * * LOW HITPOINT WARNING * * *
You are lethally poisoned!
The profane servitor hits you but does no damage.
The golden eye blinks at you. You resist with almost no effort.
The caustic shrike simulacrum claws you!
* * * LOW HITPOINT WARNING * * *
The caustic shrike simulacrum freezes you!
You resist.
You die...

. ) # . # .
### . ##.. ##
#. .ยง# .#.
.. .#
#.###... . #.
. #
#.G..#.#.#...
.
.#..G##.#..#
. .. ..#..#
.## # #.Z## #
. #.@.# .## #
#A### .## #
##X# # # .#
.#X## . #.##
.#.## #.A
....# #{ #
....# .###.#
# . # .. #.#
...# .##


You could see a profane servitor, 2 starcursed masses, 2 golden eyes and a
caustic shrike simulacrum.

Vanquished Creatures
  A sphinx (D:11)
  A tentacled starspawn (Abyss:2)
  Roxanne (Elf:1)
  2 deep elf sorcerers
  An orc warlord (Orc:2)
  3 deep elf elementalists (Elf:3)
  A reaper (IceCv)
  A stone giant (D:11)
  An angel (Abyss:2)
  A deep elf demonologist (Elf:3)
  3 deep elf annihilators
  A deep elf high priest (Elf:3)
  Josephine (D:12)
  A fire dragon (Lair:5)
  2 yaktaur captains (D:11)
  Fannar (D:12)
  11 hydras
  4 vault guards (D:13)
  3 ogre magi
  Erica (D:8)
  3 two-headed ogres
  10 dancing weapons
  4 boulder beetles
  A catoblepas (Lair:4)
  5 centaur warriors
  4 orc high priests (Orc:2)
  2 tengu warriors (D:11)
  14 deep elf knights
  Urug (Lair:4)
  Sonja (D:12)
  A sixfirhy (Abyss:2)
  5 skeletal warriors (D:12)
  A fire crab (Lair:5)
  8 deep elf archers
  2 wizards (Elf:1)
  4 orc knights
  A lindwurm (Lair:5)
  24 deep elf pyromancers
  2 orc sorcerers
  8 deep elf zephyrmancers
  A salamander (shapeshifter) (Elf:2)
  3 oklob plants
  3 manticores (D:13)
  2 cyclopes
  6 ugly things
  2 ice statues (IceCv)
  6 elephants (Lair:5)
  A water nymph (shapeshifter) (D:11)
  4 black mambas
  3 molten gargoyles (Lair:5)
  Joseph (D:8)
  A torpor snail (Lair:4)
  13 cane toads
  5 gargoyles
  3 unseen horrors
  3 rime drakes
  2 smoke demons (Abyss:2)
  An efreet (D:13)
  2 kobold demonologists
  13 komodo dragons
  3 freezing wraiths
  6 ice devils (IceCv)
  A yaktaur (D:13)
  7 trolls
  6 meliai
  A tyrant leech (Lair:2)
  A queen bee (Lair:4)
  18 blink frogs
  4 dream sheep
  A jumping spider (shapeshifter) (D:11)
  Sigmund (D:6)
  2 air elementals (Elf:1)
  A shadow (D:13)
  14 slime creatures
  A jumping spider (Lair:3)
  34 yaks
  7 wraiths
  2 water elementals
  5 wyverns
  2 fire elementals
  Eustachio (D:6)
  7 basilisks
  A golden eye (Abyss:2)
  A neqoxec (Abyss:2)
  3 death yak simulacra (IceCv)
  4 starcursed masses (Abyss:2)
  3 steam dragons
  11 vampire mosquitoes
  Edmund (D:6)
  A hydra simulacrum (IceCv)
  2 swamp worms (Lair:2)
  A harpy simulacrum (IceCv)
  2 acid dragons
  7 hell hounds
  9 water moccasins
  A hornet zombie (D:7)
  A sky beast (shapeshifter) (D:13)
  22 orc warriors
  A black bear (D:7)
  7 ogres
  A boggart (Elf:1)
  31 wolves
  9 centaurs
  A phantom (D:5)
  13 kobold brigands
  12 bullfrogs
  2 earth elementals
  2 gnoll sergeants
  7 scorpions
  2 wights (D:7)
  31 killer bees
  2 electric eels (D:13)
  4 howler monkeys
  4 centaur zombies (D:7)
  6 lava snakes
  3 bullfrog zombies (D:7)
  26 orc priests
  2 gnoll boudas (Orc:1)
  5 hounds
  3 jellies (D:2)
  A sleepcap (D:4)
  20 orc wizards
  3 iguanas
  2 troll simulacra (IceCv)
  3 wolf simulacra (IceCv)
  A killer bee zombie (D:7)
  2 howler monkey zombies (D:7)
  18 gnolls
  5 adders
  2 naga simulacra (IceCv)
  4 shadow imps
  4 white imps
  9 ufetubi
  A worm (D:3)
  6 dart slugs
  50 orcs
  8 ball pythons
  3 bats
  12 endoplasms
  2 giant cockroaches
  5 goblins
  6 hobgoblins
  8 jackals
  27 kobolds
  4 quokkas
  A frilled lizard (D:3)
  5 rats
798 creatures vanquished.

Vanquished Creatures (others)
  A black mamba (Lair:5)
  A human (D:5)
  A howler monkey (D:13)
  A bush (Lair:4)
  19 fungi
  22 plants
  2 starspawn tentacles (Abyss:2)
  18 toadstools
  A withered plant (D:7)
66 creatures vanquished.

Grand Total: 864 creatures vanquished

Notes
Turn   | Place    | Note
-------+----------+-------------------------------------------
     0 | D:1      | jimonade the Formicid Monk began the quest for the Orb.
     0 | D:1      | Reached XP level 1. HP: 18/18 MP: 1/1
   185 | D:1      | Reached XP level 2. HP: 22/24 MP: 2/2
   491 | D:1      | Reached XP level 3. HP: 29/29 MP: 3/3
   830 | D:2      | Found a faded altar of an unknown god.
   929 | D:2      | Identified the +10 hand axe "Kar Wion" {flame, SInv}
  1245 | D:2      | Reached skill level 1 in Axes
  1245 | D:2      | Reached XP level 4. HP: 34/37 MP: 4/4
  1248 | D:2      | Reached skill level 1 in Armour
  1248 | D:2      | Reached XP level 5. HP: 19/42 MP: 5/5
  1342 | D:2      | Identified the +7 falchion of Currency {elec, Will+ Str+2
                  | Dex+6 Stlth-}
  2289 | D:4      | Reached XP level 6. HP: 17/50 MP: 6/6
  2568 | D:4      | Reached skill level 5 in Fighting
  2568 | D:4      | Reached skill level 4 in Long Blades
  2726 | D:4      | Reached XP level 7. HP: 51/56 MP: 7/7
  3136 | D:5      | Entered Level 5 of the Dungeon
  3175 | D:4      | Reached skill level 5 in Long Blades
  3238 | D:5      | Reached XP level 8. HP: 56/63 MP: 8/8
  3281 | D:5      | Found a sacrificial altar of Ru.
  3335 | D:5      | Found an iron altar of Okawaru.
  3403 | D:5      | Found a white marble altar of Elyvilon.
  3495 | D:5      | Reached skill level 6 in Long Blades
  3647 | D:5      | Reached skill level 5 in Armour
  3754 | D:5      | Found an ornate altar of the Wu Jian Council.
  3787 | D:5      | Became a worshipper of the Wu Jian Council
  3787 | D:5      | Reached * piety under Wu Jian
  3787 | D:5      | Reached ** piety under Wu Jian
  3899 | D:5      | Found a sparkling altar of Nemelex Xobeh.
  3952 | D:5      | Found an ancient bone altar of Kikubaaqudgha.
  3953 | D:5      | Noticed a human
  3955 | D:5      | Killed a human
  4290 | D:6      | Found a blossoming altar of Fedhas.
  4306 | D:6      | Noticed an oklob plant
  4441 | D:6      | Identified the +9 quarterstaff of Wohiajic {heavy, Str+5
                  | Int+3}
  4457 | D:6      | Noticed Sigmund
  4475 | D:6      | Killed Sigmund
  4476 | D:6      | Reached skill level 7 in Long Blades
  4476 | D:6      | Reached skill level 1 in Throwing
  4476 | D:6      | Reached XP level 9. HP: 69/70 MP: 9/9
  4482 | D:6      | Noticed Eustachio
  4489 | D:6      | Killed Eustachio
  4531 | D:6      | Noticed Edmund
  4542 | D:6      | Killed Edmund
  4886 | D:6      | Found Otutzeps's Jewellery Boutique.
  5444 | D:7      | Reached skill level 8 in Long Blades
  5669 | D:7      | Reached XP level 10. HP: 44/79 MP: 10/10
  5847 | D:7      | Found an opulent altar of Gozag.
  5853 | D:7      | Found Gozag's Platinum Reserve.
  6049 | D:7      | Found a shimmering blue altar of Sif Muna.
  6073 | D:7      | Found a staircase to the Ecumenical Temple.
  6276 | D:7      | Noticed a kobold demonologist
  6293 | D:7      | Noticed a sun demon
  6405 | D:7      | Killed a kobold demonologist
  6406 | D:7      | Reached skill level 9 in Long Blades
  6549 | D:8      | Found a transporter.
  6550 | D:8      | Noticed a two-headed ogre
  6551 | D:8      | Noticed a cyclops
  6553 | D:8      | Noticed jasper's ghost (novice HuGl)
  6823 | D:8      | Noticed Joseph
  6825 | D:8      | Noticed an unseen horror
  6835 | D:8      | Killed Joseph
  6835 | D:8      | Reached *** piety under Wu Jian
  6842 | D:8      | Killed an unseen horror
  7111 | D:8      | Found a transporter.
  7157 | D:8      | Noticed Erica
  7169 | D:8      | Killed Erica
  7191 | D:8      | Found a bloodstained altar of Trog.
  7309 | D:8      | Reached skill level 10 in Long Blades
  7309 | D:8      | Reached skill level 5 in Dodging
  7556 | D:8      | Found a burning altar of Makhleb.
  7607 | D:8      | Reached XP level 11. HP: 80/87 MP: 11/11
  7828 | D:9      | Identified 4 scrolls of acquirement
  7828 | D:9      | Acquired 1189 gold pieces
  7830 | D:9      | Acquired 526 gold pieces
  7832 | D:9      | Acquired the +2 kite shield "Tiset Kui" {rElec Will+ Str-5
                  | SInv}
  7834 | D:9      | Acquired a manual of Long Blades
  7931 | D:9      | Found a flagged portal.
  7948 | Bailey   | Entered a bailey
  8123 | Bailey   | Noticed an orc knight
  8140 | Bailey   | Reached skill level 11 in Long Blades
  8157 | Bailey   | Reached **** piety under Wu Jian
  8171 | Bailey   | Killed an orc knight
  8297 | Bailey   | Found a burning altar of Makhleb.
  8304 | Bailey   | Identified the +11 triple crossbow of Doom {drain, rElec
                  | rPois}
  8640 | D:6      | Bought the amulet of Ymuismong {+Blink rF+ Regen+ Int+3}
                  | for 573 gold pieces
  8640 | D:6      | Bought the ring of the Witching Gods {rPois rCorr Str+3}
                  | for 375 gold pieces
  8674 | D:6      | Bought the ring of Loufixtu {Fly rN+ Str+3 Int+3} for 417
                  | gold pieces
  9239 | D:9      | Found a glowing silver altar of Zin.
  9746 | D:10     | Entered Level 10 of the Dungeon
  9752 | D:10     | Reached skill level 1 in Shields
  9949 | D:10     | Reached skill level 12 in Long Blades
  9949 | D:10     | Reached skill level 1 in Evocations
  9970 | D:10     | Noticed a two-headed ogre
  9978 | D:10     | Killed a two-headed ogre
 10100 | D:10     | Noticed a purple ugly thing
 10111 | D:10     | Killed a purple ugly thing
 10576 | D:11     | Noticed an oklob plant
 10734 | D:11     | Noticed a boulder beetle
 10789 | D:11     | Killed a boulder beetle
 10790 | D:11     | Reached skill level 13 in Long Blades
 10790 | D:11     | Reached XP level 12. HP: 88/96 MP: 12/12
 10819 | D:11     | Noticed a boulder beetle
 10819 | D:11     | Noticed a centaur warrior
 10819 | D:11     | Noticed a centaur warrior
 11081 | D:11     | Reached skill level 10 in Armour
 11117 | D:11     | Killed a centaur warrior
 11229 | D:11     | Killed a boulder beetle
 11274 | D:11     | Found a staircase to the Orcish Mines.
 11290 | D:11     | Reached skill level 5 in Shields
 11604 | D:11     | Found a staircase to the Lair.
 11672 | D:11     | Killed a centaur warrior
 11770 | D:11     | Reached skill level 10 in Fighting
 11778 | D:11     | Noticed an ogre mage
 11792 | D:11     | Killed an ogre mage
 11793 | D:11     | Reached skill level 14 in Long Blades
 11880 | D:11     | Noticed a tengu warrior
 11886 | D:11     | Killed a tengu warrior
 11908 | D:11     | Noticed a centaur warrior
 11916 | D:11     | Killed a centaur warrior
 11956 | D:11     | Noticed an ice dragon
 11956 | D:11     | Noticed a yaktaur captain
 11956 | D:11     | Noticed a yaktaur captain
 11956 | D:11     | Noticed a stone giant
 11956 | D:11     | Noticed a deep elf knight
 11972 | D:11     | Noticed a centaur warrior
 12247 | D:11     | Killed a yaktaur captain
 12377 | D:11     | Killed a stone giant
 12675 | Lair:1   | Entered Level 1 of the Lair of Beasts
 12708 | Lair:1   | Reached XP level 13. HP: 55/104 MP: 13/13
 13154 | Lair:1   | Reached skill level 1 in Ranged Weapons
 13194 | Lair:1   | You are sucked into a shaft and drop 1 floor!
 13230 | Lair:2   | Found a frozen archway.
 13230 | Lair:2   | Noticed a four-headed hydra
 13240 | Lair:2   | Killed a one-headed hydra
 13261 | IceCv    | Entered an ice cave
 13387 | IceCv    | Reached skill level 15 in Long Blades
 13664 | IceCv    | Reached skill level 10 in Shields
 13907 | IceCv    | Noticed a reaper
 13960 | IceCv    | Killed a reaper
 14529 | Lair:2   | Noticed an eight-headed hydra
 14535 | Lair:2   | Noticed a six-headed hydra
 14650 | Lair:1   | Reached ***** piety under Wu Jian
 15331 | Lair:2   | Killed a four-headed hydra
 15356 | Lair:2   | Killed a three-headed hydra
 15516 | Lair:2   | Found a staircase to the Swamp.
 15615 | Lair:3   | Reached XP level 14. HP: 113/113 MP: 14/14
 16386 | Lair:3   | Found a hole to the Spider Nest.
 16694 | Lair:4   | Found a staircase to the Slime Pits.
 16695 | Lair:4   | Found a viscous altar of Jiyva.
 17061 | Lair:4   | Noticed Urug
 17100 | Lair:4   | Killed Urug
 17821 | Lair:5   | Entered Level 5 of the Lair of Beasts
 17838 | Lair:4   | Reached skill level 16 in Long Blades
 18251 | Lair:5   | Reached skill level 15 in Shields
 18290 | Lair:5   | Found a large runed translucent door.
 18290 | Lair:5   | Found a large runed translucent door.
 18378 | Lair:5   | Reached XP level 15. HP: 121/121 MP: 15/15
 18449 | Lair:5   | Reached skill level 5 in Ranged Weapons
 18910 | Lair:5   | Identified the staff of fire "Odghebb" {rF+ Str+8 Int-3}
 19164 | Lair:5   | Reached ****** piety under Wu Jian
 19212 | Lair:5   | Reached skill level 1 in Maces & Flails
 19622 | D:11     | Noticed a sphinx
 19637 | D:11     | Killed a sphinx
 19764 | D:11     | Identified the +2 helmet of Solemn Creativity {Int+5}
 19816 | D:11     | Identified the staff of death "Soet" {rN+ Str+6 SInv
                  | Stlth+}
 19817 | D:11     | Identified the +4 war axe "Neruepemoa" {pain, SInv}
 20370 | D:12     | Noticed Sonja
 20378 | D:12     | Killed Sonja
 20514 | D:12     | Noticed Josephine
 20515 | D:12     | Found a hide-covered altar of Uskayaw.
 20520 | D:12     | Noticed Nessos
 20544 | D:12     | Noticed Fannar
 20550 | D:12     | Killed Josephine
 20822 | D:12     | Killed Fannar
 21953 | D:13     | Reached XP level 16. HP: 130/130 MP: 16/16
 22218 | D:13     | Identified the +1 scale mail of Limited Liability {MP+9
                  | Int+3 Slay+2}
 22244 | D:13     | Found Losilojy's Antique Weapon Boutique.
 22549 | D:13     | Reached skill level 5 in Evocations
 22591 | D:13     | Found a gate to the Vaults.
 23175 | Orc:1    | Entered Level 1 of the Orcish Mines
 23192 | Orc:1    | Reached skill level 17 in Long Blades
 23331 | Orc:2    | Entered Level 2 of the Orcish Mines
 23439 | Orc:2    | Reached skill level 5 in Maces & Flails
 23684 | Orc:2    | Found Horido's Book Boutique.
 23684 | Orc:2    | Found Yplupost's Armour Shop.
 23684 | Orc:2    | Found Zoqum's Assorted Antiques.
 23687 | Orc:2    | Found Qil Anybb's Armour Boutique.
 23788 | Orc:2    | Found Wovexkei's Jewellery Emporium.
 24019 | Orc:2    | Found a staircase to the Elven Halls.
 24313 | Elf:1    | Entered Level 1 of the Elven Halls
 24757 | Elf:1    | Reached XP level 17. HP: 139/139 MP: 17/17
 25408 | Elf:1    | Noticed Roxanne
 25423 | Elf:1    | Killed Roxanne
 26175 | Elf:2    | Found a runed translucent gate.
 26175 | Elf:2    | Found a runed translucent gate.
 26176 | Elf:2    | Found a runed translucent gate.
 26738 | Elf:3    | Entered Level 3 of the Elven Halls
 26815 | Elf:3    | Found Lica's Jewellery Emporium.
 26815 | Elf:3    | Found Xufyluf's General Store.
 26839 | Elf:3    | Found Fuolobuq's Armour Shoppe.
 26841 | Elf:3    | Found Erchiz's Distillery.
 26856 | Elf:3    | Bought the +15 Maxwell's patent armour {-Cast -Tele rElec
                  | Will+ rCorr} for 1915 gold pieces
 26856 | Elf:3    | Found the +15 Maxwell's patent armour {-Cast -Tele rElec
                  | Will+ rCorr}
 27364 | Elf:3    | Identified the staff of fire "Ecumuc" {rElec rF+ Str+3}
 27402 | Elf:3    | Noticed a Tzitzimitl
 27557 | Elf:3    | Identified the +9 glaive "Demon's Doom" {venom, rElec Int+2
                  | Stlth+}
 27557 | Elf:3    | Identified the +0 leather armour of Experimentation {Drain
                  | rPois rC- Dex+8}
 27557 | Elf:3    | Identified the ring "Nifenurch" {Contam rC+ rN++ rCorr
                  | Int-4}
 27561 | Elf:3    | Identified the +6 dire flail of Chaos {flame, rElec rN+}
 27564 | Elf:3    | Identified the +1 falchion of Kindness {heavy, *Rage rElec
                  | Int+3 Dex+3}
 27579 | Elf:3    | Identified the +7 halberd of Drought {distort, Will+}
 27579 | Elf:3    | Identified the ring "Efaipimp" {Wiz Int+3}
 27581 | Abyss:2  | Cast into level 2 of the Abyss (deep elf sorcerer)
 27731 | Abyss:2  | Noticed a tentacled starspawn
 27764 | Abyss:2  | Killed a tentacled starspawn
 27820 | Abyss:2  | Noticed a profane servitor
 27853 | Abyss:2  | HP: 4/125 [caustic shrike simulacrum (7)]
 27853 | Abyss:2  | Mangled by a caustic shrike simulacrum

Illustrated notes

Levels and vault maps discovered:
D:1:      mrwooster_arrival_statue_3, layout_basic, minmay_split_cup_large
D:2:      cheibrodos_fertilizer, layout_loops_ring,
          ebering_ecumenical_altar_ruins, uniq_crazy_yiuf_cottage
D:3:      layout_basic, serial_curves, eino_curves_01, eino_curves_01
D:4:      layout_basic
D:5:      layout_loops_ring, tgw_kikubaaqudgha, elyvilon_altar_3,
          mainiacjoe_overflow_concentric_impassable,
          nemelex_diamond_rough_becter, mainiacjoe_overflow_large_starburst
D:6:      layout_basic, tgw_fedhas, serial_shops, shop_fountains, minivault_25,
          uniq_eustachio, uniq_sigmund, uniq_edmund
D:7:      layout_rooms, nicolae_gozag_zags_fifth_avenue,
          mainiacjoe_overflow_24_doors, minmay_temple_entry_grid, serial_undead,
          serial_undead_c, serial_undead_f, serial_undead_a, serial_undead_f,
          kennysheep_generic_room_6
D:8:      layout_gridville, lemuel_round_altar,
          mainiacjoe_overflow_six_doors_small, gammafunk_ghost_arena,
          uniq_erica, uniq_joseph
D:9:      layout_grid_maze, mainiacjoe_overflow_paths, enter_bailey_4
D:10:     layout_roguey, minivault_20
D:11:     minmay_tile_spiral, layout_basic, dpeg_oklobed_lair, orc_0_dummy
D:12:     layout_loops_ring, nicolae_uskayaw_suspiria, uniq_fannar, uniq_nessos,
          uniq_sonja, uniq_josephine
D:13:     minmay_polygon_palace, layout_basic, grunt_vaults_entry_fortified,
          serial_shops, shop, kennysheep_nub
Lair:1:   layout_chaotic_city
Lair:2:   layout_loops_ring, palyth_hydra_swamp_entry, enter_volcano_3,
          portal_ice_cave_rime
Lair:3:   layout_roguey, spider_nest_entry_rubble, guppyfry_lair_drakes,
          grunt_megastairs_3
Lair:4:   layout_roguey [special_room_bee], slime_entry_1, grunt_megastairs_4,
          uniq_urug
Lair:5:   cheibrodos_lair_end_hotspot, layout_hall_layers, serial_rivers,
          chequers_serial_rivers_small_b, chequers_serial_rivers_small_3,
          chequers_serial_rivers_micro_a, chequers_serial_rivers_small_b,
          chequers_serial_rivers_large_b, grunt_forest_large_clearings
Orc:1:    layout_caves, basic_altar, mines_bat_river
Orc:2:    st_orc_mages, layout_diamond_mine, serial_shops, shop
Elf:1:    layout_gridlike, hangedman_elf_disciples, uniq_roxanne
Elf:2:    elven_hall_of_blades_hangedman_original [mumra_blade_entry_dagger],
          layout_gridlike, nicolae_concentric_dashed_squares_wild, st_stairs_12
Elf:3:    minmay_elf_hall_curves, layout_loops_corners, minmay_shoptagon
Abyss:2:  base:
Spider:2

Skill      XL: |  1  2  3  4  5  6  7  8  9 10 11 12 13 14 15 16 17 |
---------------+----------------------------------------------------+-----
Dodging        | 3 4 5 6 7 |  7.3
Fighting       | 4 5 6 7 8 9 10 11 12 13 14 | 14.9
Axes           | 1 2 |  2.3
Armour         | 1 2 4 5 7 8 9 10 11 12 13 14 | 14.2
Long Blades    | 4 5 7 8 10 13 14 15 16 17 | 17.6
Throwing       | 1 2 |  2.9
Shields        | 4 8 11 15 16 | 16.0
Evocations     | 1 4 6 8 |  8.2
Ranged Weapons | 3 4 6 7 9 |  9.0
Maces & Flails | 3 5 7 |  7.1

Action                     |  1- 3 |  4- 6 |  7- 9 | 10-12 | 13-15 | 16-18 || total
---------------------------+-------+-------+-------+-------+-------+-------++-------
  Melee: Falchion          |    46 |    56 |   200 |   455 |  1290 |  1087 ||  3134
         Hand axe          |    13 |     7 |       |       |       |       ||    20
         Scimitar          |       |       |       |       |    48 |    23 ||    71
   Fire: Triple crossbow   |       |       |       |     1 |   161 |   154 ||   316
  Throw: Dart              |       |       |    12 |     8 |     4 |       ||    24
 Invoke: Serpent's Lash    |       |       |       |     7 |    16 |     5 ||    28
         Heavenly Storm    |       |       |       |       |       |     3 ||     3
Ability: Lunge             |       |       |     6 |    36 |    47 |    44 ||   133
         Whirlwind         |       |       |    59 |   134 |   659 |   574 ||  1426
         Dig               |       |       |       |       |     5 |       ||     5
  Evoke: Wand              |       |       |       |     7 |     1 |       ||     8
         Phantom mirror    |       |       |       |       |       |     1 ||     1
    Use: Scroll            |       |       |     8 |     9 |    10 |     1 ||    28
         Potion            |       |       |       |     1 |     4 |     7 ||    12
 Armour: Robe              |     4 |       |       |       |       |       ||     4
         Scale mail        |    12 |    22 |    59 |    29 |       |       ||   122
         Chain mail        |       |       |       |    58 |   183 |    55 ||   296
         Skin              |       |       |       |       |     1 |       ||     1
         Plate armour      |       |       |       |       |       |   184 ||   184
  Dodge: Dodged            |    35 |    40 |   119 |   173 |   268 |   222 ||   857
  Block: Kite shield       |       |       |       |    78 |   775 |   658 ||  1511

Table legend: (Time is in decaauts)
 A = Elapsed time spent in this place.
 B = Non-inter-level travel time spent in this place.
 C = Inter-level travel time spent in this place.
 D = Time resting spent in this place.
 E = Time spent auto-exploring this place.
 F = Levels seen in this place.
 G = Mean time per level.
                   A        B        C        D        E       F      G
               +--------+--------+--------+--------+--------+-----+--------+
         Total |  27974 |  26327 |   1647 |   2237 |  11666 |  26 | 1075.9 |
       Dungeon |  16037 |  14931 |   1106 |   1154 |   7954 |  13 | 1233.6 |
          Lair |   5865 |   5510 |    355 |    170 |   2617 |   5 | 1173.0 |
  Orcish Mines |   1001 |    904 |     97 |     18 |    375 |   2 |  500.5 |
   Elven Halls |   3380 |   3291 |     89 |    623 |    533 |   3 | 1126.7 |
         Abyss |    253 |    253 |      0 |     92 |      0 |   1 |  253.0 |
        Bailey |    519 |    519 |      0 |     38 |    157 |   1 |  519.0 |
      Ice Cave |    917 |    917 |      0 |    142 |     29 |   1 |  917.0 |
               +--------+--------+--------+--------+--------+-----+--------+

Top non-repeatable levels by time:
    D:11: 3146 daAuts
   Elf:1: 1801 daAuts
  Lair:5: 1577 daAuts
     D:6: 1571 daAuts
    D:13: 1539 daAuts
    D:12: 1398 daAuts
     D:8: 1321 daAuts
  Lair:3: 1178 daAuts
  Lair:2: 1110 daAuts
     D:7: 1100 daAuts
  Lair:4: 1083 daAuts
     D:2: 1043 daAuts
     D:9: 1029 daAuts
     D:5: 1022 daAuts
   IceCv: 917 daAuts
